 Dungeon Crawl Stone Soup version 0.22.1-6-g1668fe2 (webtiles) character file.

2419 Kairos the Cleaver (level 9, -4/79 HPs)
             Began as a Deep Dwarf Fighter on Jan 22, 2019.
             Was a Follower of Makhleb.
             Killed by nerve-wracking pain
             ... invoked by an orc priest
              (7 damage)
             ... on level 8 of the Dungeon.
             The game lasted 00:19:55 (6167 turns).

Kairos the Cleaver (Deep Dwarf Fighter)             Turns: 6167, Time: 00:19:56

Health: -4/79      AC: 18    Str: 22    XL:     9   Next: 24%
Magic:  6/6        EV:  8    Int: 10    God:    Makhleb [*.....]
Gold:   120        SH: 11    Dex: 12    Spells: 8/8 levels left

rFire    . . .     SeeInvis .   a - +2 war axe
rCold    + . .     Gourm    .   c - +0 shield
rNeg     . . .     Faith    .   y - +2 chain mail {rC+}
rPois    +         Spirit   .   D - +0 helmet (curse)
rElec    .         Reflect  .   (no cloak)
rCorr    .         Harm     .   p - +0 pair of gloves
MR       +....                  x - +2 pair of boots {Stlth+}
Stlth    ..........             w - amulet of magic regeneration
HPRegen  0.00/turn              i - ring of poison resistance
MPRegen  0.35/turn              u - +1 ring of evasion

@: non-regenerating
A: damage resistance, heal wounds, sense surroundings 2, no regeneration
a: Heal Wounds, Renounce Religion


You were on level 8 of the Dungeon.
You worshipped Makhleb.
Makhleb was aware of your devotion.
You were not hungry.

You visited 2 branches of the dungeon, and saw 9 of its levels.

You collected 285 gold pieces.
You spent 165 gold pieces at shops.

Inventory:

Hand Weapons
 a - a +2 war axe (weapon)
Armour
 c - a +0 shield (worn)
 p - a +0 pair of gloves (worn)
 x - a +2 pair of boots of stealth (worn)
 y - a +2 chain mail of cold resistance (worn)
 D - a cursed +0 helmet (worn)
Jewellery
 i - a ring of poison resistance (left hand)
 m - an uncursed ring of magical power
 u - a +1 ring of evasion (right hand)
 w - an amulet of magic regeneration (around neck)
Wands
 t - a wand of paralysis (5)
 C - a wand of flame (23)
 E - a wand of polymorph (10)
Scrolls
 b - a scroll of summoning {unknown}
 e - 5 scrolls of teleportation
 h - 9 scrolls of identify
 j - 2 scrolls of noise {unknown}
 n - a scroll of amnesia
 q - a scroll of immolation
 s - 4 scrolls of magic mapping
 z - a scroll of fog {unknown}
 A - a scroll of vulnerability {unknown}
 B - a scroll of fear {unknown}
Potions
 d - a potion of might
 g - 3 potions of heal wounds {unknown}
 k - 5 potions of degeneration {unknown}
 l - a potion of haste {unknown}
 o - a potion of mutation {unknown}
 r - 5 potions of curing {unknown}
 v - 2 potions of brilliance {unknown}
Comestibles
 f - 14 rations


   Skills:
 + Level 4.6 Fighting
 + Level 9.0 Axes
 + Level 6.6 Armour
 + Level 2.2 Dodging
 + Level 3.8 Stealth
 + Level 6.8 Shields
 + Level 1.2 Evocations


You had 8 spell levels left.
You didn't know any spells.
Your spell library was empty.

Dungeon Overview and Level Annotations

Branches:
Dungeon (8/15)             Temple (1/1) D:4
   Lair: D:8-11

Altars:
Ashenzari
Dithmenos
Elyvilon
Makhleb
Nemelex Xobeh
Ru
Uskayaw
Vehumet
Wu Jian
Xom
Yredelemnul
The Shining One

Shops:
D:4 [   D:5 }


Innate Abilities, Weirdness & Mutations

You are resistant to damage.
You can heal yourself by infusing magical energy.
You passively map the area around you.
You do not regenerate.


Message History

You kill the orc!
Makhleb accepts your kill.
You feel better.
The orc priest looks satisfied for a moment.
The orc priest barely misses you.
Items here: )) [ † a whip; a hand axe; a leather armour; an orc corpse You slash the orc priest!
The orc priest is heavily wounded.
You block the orc priest's attack.
You hit the orc priest.
The orc priest is almost dead.
The orc priest mumbles some strange prayers to Beogh against you.
Pain shoots through your body!
* * * LOW HITPOINT WARNING * * *
You barely miss the orc priest.
The orc priest is almost dead.
The orc priest calls down the wrath of Beogh upon you.
Pain shoots through your body!
You die...

* *#.#,* * * ...
**+# **#.# ...
####.# *....
##.##.#* .o...
#####...#.##......
#o..o...o..'o<.$..
#o###...#.##o.....
#@# ##..#.# ....[
#)# ###.#.# ....
#.# #.....# ...
#.# #.#.### +#
#.###.#.#######
#.............# .#
####)..#.####.##.#
####...#.##*....(
#.........##....,


You could see an orc priest and an orc.

Vanquished Creatures
  Grinder (D:3)
  Prince Ribbit (D:6)
  A hippogriff (D:7)
  Eustachio (D:5)
  Duvessa (D:5)
  A sky beast (D:7)
  2 ice beasts
  2 centaurs
  2 ogres (D:6)
  A bullfrog (D:8)
  Dowan (D:5)
  4 wights (D:7)
  2 howler monkeys
  2 crimson imps
  A bullfrog zombie (D:5)
  2 hounds
  3 jellies
  An orc wizard (D:5)
  A bullfrog skeleton (D:4)
  3 worker ants
  A hound skeleton (D:4)
  A howler monkey zombie (D:7)
  4 gnolls
  12 adders
  A shadow imp (D:6)
  An ooze (D:2)
  An adder zombie (D:6)
  4 worms
  5 dart slugs
  A leopard gecko (D:3)
  13 orcs
  13 bats
  10 giant cockroaches
  3 goblins
  4 hobgoblins
  7 jackals
  6 kobolds
  3 quokkas
  3 ball pythons
  A ball python skeleton (D:4)
  8 frilled lizards
  A leopard gecko zombie (D:5)
  A quokka skeleton (D:6)
  7 rats
144 creatures vanquished.

Notes
Turn   | Place    | Note
-------+----------+-------------------------------------------
     0 | D:1      | Kairos the Deep Dwarf Fighter began the quest for the Orb.
     0 | D:1      | Reached XP level 1. HP: 20/20 MP: 1/1
    91 | D:1      | Reached XP level 2. HP: 27/27 MP: 2/2
   147 | D:1      | Found a shattered altar of Ashenzari.
   282 | D:1      | Reached XP level 3. HP: 20/34 MP: 3/3
   837 | D:2      | Reached skill level 3 in Axes
   980 | D:2      | Reached XP level 4. HP: 16/42 MP: 4/4
  1386 | D:3      | Reached skill level 1 in Dodging
  1517 | D:3      | Noticed Grinder
  1530 | D:3      | Paralysed by Grinder for 7 turns
  1541 | D:3      | Paralysed by Grinder for 6 turns
  1560 | D:3      | Killed Grinder
  1560 | D:3      | Reached skill level 4 in Axes
  1560 | D:3      | Reached XP level 5. HP: 13/49 MP: 5/5
  1560 | D:3      | Reached XP level 6. HP: 15/56 MP: 6/6
  1787 | D:3      | Reached skill level 5 in Shields
  2395 | D:4      | Reached skill level 5 in Axes
  2402 | D:4      | Found a staircase to the Ecumenical Temple.
  2407 | D:4      | Found Xiybuojy's Antique Armour Shoppe.
  2418 | Temple   | Entered the Ecumenical Temple
  2426 | Temple   | Became a worshipper of Makhleb the Destroyer
  2856 | D:5      | Entered Level 5 of the Dungeon
  2941 | D:5      | Found Hothrecw's Gadget Shop.
  2943 | D:5      | Noticed an ice beast
  2960 | D:5      | Killed an ice beast
  2960 | D:5      | Reached XP level 7. HP: 34/62 MP: 7/7
  3156 | D:5      | Noticed Dowan
  3156 | D:5      | Noticed Duvessa
  3168 | D:5      | Killed Dowan
  3200 | D:5      | Killed Duvessa
  3200 | D:5      | Reached skill level 6 in Axes
  3384 | D:5      | Reached skill level 5 in Armour
  3646 | D:5      | Found a shimmering altar of Xom.
  3646 | D:5      | Found a radiant altar of Vehumet.
  3753 | D:5      | Reached XP level 8. HP: 24/72 MP: 8/8
  3825 | D:5      | Found an ornate altar of the Wu Jian Council.
  3827 | D:5      | Noticed Eustachio
  3838 | D:5      | Killed Eustachio
  3838 | D:5      | Reached skill level 7 in Axes
  4051 | D:4      | Bought a shiny chain mail for 165 gold pieces
  4406 | D:6      | Reached * piety under Makhleb
  4419 | D:6      | Noticed Prince Ribbit
  4434 | D:6      | HP: 2/72 [Prince Ribbit (12)]
  4639 | D:6      | Reached skill level 8 in Axes
  5261 | D:6      | Killed Prince Ribbit
  5355 | D:7      | Noticed a hippogriff
  5366 | D:7      | Killed a hippogriff
  5366 | D:7      | Reached skill level 1 in Evocations
  5366 | D:7      | Gained mutation: You passively map the area around you.
                  | [Deep Dwarf growth]
  5366 | D:7      | Reached XP level 9. HP: 20/79 MP: 6/6
  5458 | D:7      | Found a radiant altar of Vehumet.
  5917 | D:7      | Found a sacrificial altar of Ru.
  6121 | D:8      | Reached skill level 9 in Axes
  6166 | D:8      | HP: 3/79 [orc priest/nerve-wracking pain (3)]
  6167 | D:8      | Killed from afar by an orc priest

Skill      XL: |  1  2  3  4  5  6  7  8  9 |
---------------+----------------------------+-----
Fighting       | 3 4 |  4.6
Axes           | 3 4 5 6 8 9 |  9.0
Shields        | 4 5 6 |  6.8
Dodging        | 1 2 |  2.2
Armour         | 4 5 6 |  6.6
Stealth        | 2 3 |  3.8
Evocations     | 1 |  1.2

Action                   |  1- 3 |  4- 6 |  7- 9 || total
-------------------------+-------+-------+-------++-------
Melee: War axe           |   115 |   236 |   271 ||   622
 Abil: Heal Wounds       |       |     2 |     4 ||     6
Evoke: Wand              |       |       |     8 ||     8
  Use: Scroll            |       |       |     9 ||     9
 Stab: Paralysed         |       |       |     8 ||     8
  Eat: Chunk             |       |     7 |     4 ||    11
       Ration            |       |       |     2 ||     2
Armor: Scale mail        |    40 |       |       ||    40
       Chain mail        |    19 |   166 |   124 ||   309
Dodge: Dodged            |    49 |    79 |    62 ||   190
Block: Shield            |    78 |   166 |   135 ||   379
